Map: Eternal Empire LE

Players

MarineLorD

  • Race: Terran Terran
  • Spawn Location: 7:00

GOStephano (Stephano) - Winner!

  • Race: Zerg Zerg
  • League: Grandmaster
  • Spawn Location: 1:00

Event: DreamHack SC2 Masters 2020 Summer Europe

VOD

Have the link to the VOD?

Description

Time

  • Played on: June 24, 2020, 11:04 a.m.
  • Length: 14:41

All games in this series

Show
View Real Time Build Order
Export as new Build Order

MarineLorD Terran 

Build Orders:  

Get SALT Encoding   

  12  0:00  SCV  
  13  0:12  SCV  
  14  0:17  Supply Depot  
  14  0:24  SCV  
  15  0:39  SCV  
  15  0:41  Barracks  
  16  0:54  Barracks  
  16  0:57  SCV  
  17  1:09  SCV  
  17  1:11  Refinery  
  18  1:21  SCV  
  19  1:28  Marine  
  20  1:33  Orbital Command  
  20  1:37  Supply Depot  
  20  1:40  Marine  
  20  1:46  Marine  
  22  1:58  Marine  
  22  1:59  SCV  
  24  2:03  Marine  
  24  2:07  Bunker  
  25  2:13  Factory  
  25  2:15  SCV  
  26  2:16  Marine  
  27  2:26  Marine  
  27  2:27  SCV  
  28  2:34  Marine  
  28  2:35  Supply Depot  
  29  2:39  SCV  
  29  2:48  Marine  
  30  2:51  SCV  
  29  3:03  SCV  
  28  3:07  Factory Reactor  
  28  3:08  Command Center  
  28  3:20  SCV  
  28  3:23  Starport  
  28  3:32  Supply Depot  
  28  3:33  SCV  
  29  3:36  Refinery  
  29  3:44  Hellion x2  
  29  3:46  SCV  
  34  3:58  SCV  
  35  4:05  Medivac, Hellion  
  35  4:06  Hellion  
  41  4:10  SCV  
  42  4:21  Orbital Command  
  42  4:22  SCV  
  43  4:28  Hellion x2  
  47  4:34  SCV  
  48  4:39  Orbital Command  
  48  4:41  Viking  
  50  4:47  Barracks Tech Lab  
  50  4:49  SCV  
  51  4:59  Hellion x2  
  55  5:01  SCV  
  55  5:06  Stimpack, Marine  
  57  5:12  SCV  
  54  5:21  Starport Reactor  
  54  5:23  Marine  
  54  5:24  SCV x2  
  57  5:30  Factory Reactor, Barracks  
  57  5:35  Barracks  
  57  5:36  SCV  
  57  5:38  Supply Depot  
  57  5:41  Marine  
  59  5:48  SCV  
  59  5:49  SCV  
  61  5:50  Command Center  
  61  5:59  Marine  
  61  6:00  SCV  
  61  6:04  SCV  
  62  6:05  Supply Depot  
  62  6:12  SCV  
  62  6:15  Medivac x2  
  62  6:16  SCV  
  62  6:17  Marine  
  69  6:24  SCV, Factory Reactor  
  70  6:27  Supply Depot, Marine  
  70  6:28  SCV, Marine  
  70  6:31  Engineering Bay  
  70  6:32  Engineering Bay  
  73  6:36  SCV  
  73  6:39  Marine x2  
  70  6:40  SCV  
  71  6:48  SCV  
  71  6:50  Refinery  
  71  6:52  SCV  
  71  6:53  Marine x2  
  74  7:00  SCV  
  75  7:02  Marine x3  
  75  7:03  Orbital Command  
  75  7:04  SCV  
  79  7:11  Refinery  
  79  7:12  SCV, Combat Shield  
  79  7:15  Marine x2  
  82  7:16  SCV  
  82  7:20  Marine x2, Widow Mine  
  82  7:22  Widow Mine  
  89  7:24  SCV  
  89  7:26  Marine  
  89  7:28  Orbital Command  
  91  7:33  Marine  
  91  7:34  Terran Infantry Weapons Level 1, Terran Infantry Armor Level 1  
  91  7:35  SCV  
  91  7:36  Marine  
  94  7:37  Marine  
  94  7:38  SCV  
  94  7:39  Marine  
  94  7:43  Marine  
  96  7:48  SCV  
  96  7:50  SCV, Marine  
  99  7:53  SCV  
  99  7:54  Marine  
  101  8:01  SCV, Supply Depot x2, Marine x3  
  105  8:08  Widow Mine x2  
  109  8:13  Supply Depot  
  109  8:14  SCV  
  109  8:19  SCV, Marine  
  109  8:20  Marine  
  109  8:22  Marine x3  
  109  8:23  SCV  
  109  8:27  SCV  
  104  8:31  Concussive Shells  
  103  8:34  Barracks  
  103  8:35  SCV x2  
  103  8:36  Barracks, Factory Tech Lab  
  103  8:37  Marine  
  103  8:38  Marine  
  103  8:40  Marine  
  108  8:42  Medivac x2  
  108  8:44  SCV  
  108  8:46  Marine x2  
  108  8:48  SCV x2  
  117  8:52  Factory  
  117  8:53  Supply Depot  
  117  8:56  Armory  
  117  8:58  Marine x2  
  117  9:00  SCV x2  
  121  9:03  Refinery x2  
  121  9:04  Siege Tank  
  121  9:09  Marine  
  124  9:10  Marine x2  
  124  9:16  Medivac x2, Marine  
  132  9:17  Marine  
  132  9:22  Barracks Reactor  
  133  9:25  Barracks Reactor  
  133  9:27  Marine x3  
  130  9:34  Command Center  
  130  9:35  Supply Depot  
  130  9:37  Marine x2  
  130  9:39  Supply Depot, Factory Tech Lab  
  130  9:40  SCV x2, Supply Depot  
  130  9:43  Siege Tank  
  130  9:45  Marine x3  
  136  9:55  Marine x2  
  136  9:59  Marine x2  
  140  10:03  Marine x3  
  140  10:04  Medivac, Siege Tank  
  140  10:05  Medivac  
  149  10:08  Marine  
  149  10:13  Marine x2  
  153  10:15  Siege Tank  
  153  10:17  Marine x2  
  153  10:20  Terran Infantry Weapons Level 2  
  157  10:21  Terran Infantry Armor Level 2  
  157  10:24  Terran Vehicle Weapons Level 1, Marine  
  157  10:27  Marine x2  
  157  10:28  Marine  
  160  10:32  Marine x2  
  162  10:36  Siege Tank  
  162  10:40  Marine  
  162  10:41  Marine  
  162  10:42  Marine x2  
  164  10:45  Marine x2  
  164  10:46  Marine  
  164  10:47  Siege Tank  
  164  10:48  Medivac x2  
  172  10:52  Marine x2  
  174  10:57  Marine  
  174  10:59  Marine  
  174  11:00  Marine  
  177  11:08  Sensor Tower, Siege Tank  
  177  11:09  Supply Depot x2  
  180  11:16  Marine x2  
  180  11:17  Marine x2  
  180  11:18  Marine x3  
  179  11:21  Marine  
  180  11:29  Planetary Fortress  
  180  11:30  Marine  
  181  11:34  Marine x2  
  181  11:35  Marine x2  
  181  11:36  Marine x3  
  181  11:39  Marine  
  189  11:42  Unknown  
  189  11:48  Marine  
  189  11:52  Marine  
  189  11:54  Marine x3  
  188  11:56  Liberator  
  188  11:59  Supply Depot, Ghost Academy  
  194  12:05  Sensor Tower  
  194  12:18  Missile Turret  
  194  12:20  Missile Turret  
  194  12:21  Siege Tank  
  199  12:23  Liberator  
  199  12:29  Siege Tank  
  185  12:33  Marine x2  
  185  12:34  Marine x3  
  185  12:35  Marine x4  
  176  12:50  Marine x2  
  175  12:52  Marine x3  
  175  12:53  Marine x2  
  175  12:54  Marine  
  175  12:56  Marine  
  179  13:04  Siege Tank  
  179  13:05  Siege Tank  
  178  13:08  Marine x2  
  178  13:09  Marine x2  
  178  13:11  Marine x2  
  178  13:12  Marine x2  
  164  13:14  Marine  
  156  13:24  Command Center  
  156  13:26  SCV, Marine x2  
  156  13:27  SCV, Marine  
  157  13:29  Marine x4  
  145  13:36  Siege Tank  
  145  13:37  Siege Tank  
  145  13:40  Marine x2  
  141  13:44  Marine  
  141  13:45  Marine  
  141  13:46  Marine  
  141  13:53  Marine x3  
  144  13:58  Orbital Command  
  138  14:04  Marine x3  
  138  14:05  Marine x3  
  138  14:08  Siege Tank  
  139  14:11  Marine x3  
  142  14:22  Marine x5  
  142  14:23  Marine  
Show
View Real Time Build Order
Export as new Build Order

GOStephano Zerg - Winner!

Build Orders: Hatch First, Lurkers, Roach Hydra 

Get SALT Encoding   

  12  0:01  Drone  
  13  0:12  Overlord  
  13  0:16  Drone  
  14  0:31  Drone x2  
  16  0:47  Hatchery  
  15  0:51  Drone  
  15  0:55  Drone  
  17  0:58  Drone  
  18  1:09  Extractor  
  17  1:13  Spawning Pool  
  17  1:17  Drone  
  17  1:20  Drone  
  18  1:28  Drone  
  19  1:39  Drone  
  20  1:49  Drone  
  21  1:59  Queen  
  21  2:00  Zergling x2, Queen  
  21  2:01  Zergling x2  
  27  2:09  Spine Crawler x2  
  27  2:11  Zergling x2  
  27  2:14  Zergling x2  
  27  2:23  Spine Crawler  
  27  2:27  Zergling x2  
  27  2:28  Zergling x2  
  25  2:39  Queen  
  27  2:45  Overlord  
  27  2:53  Drone  
  27  2:55  Drone x2  
  32  3:05  Drone x4  
  32  3:14  Queen  
  32  3:19  Drone x2  
  36  3:28  Overlord  
  36  3:44  Overlord  
  36  3:49  Zergling x4  
  36  3:51  Metabolic Boost  
  36  3:55  Drone x4  
  42  3:57  Hatchery  
  42  3:58  Drone x2  
  43  4:11  Zergling x4  
  43  4:12  Queen  
  43  4:15  Drone  
  48  4:18  Drone  
  48  4:20  Hatchery, Drone x2  
  50  4:26  Overlord  
  50  4:30  Overlord  
  50  4:32  Drone x2  
  50  4:36  Overlord  
  52  4:41  Overlord  
  52  4:48  Drone x3  
  52  4:50  Evolution Chamber x2  
  53  4:53  Zergling x2  
  53  4:56  Spore Crawler  
  53  4:57  Spore Crawler  
  53  4:59  Zergling x4  
  54  5:00  Zergling x2  
  55  5:10  Drone x2  
  56  5:14  Drone x2  
  56  5:19  Queen  
  60  5:28  Overlord  
  60  5:30  Drone x4  
  60  5:33  Zerg Missile Weapons Level 1, Zerg Ground Armor Level 1  
  64  5:39  Drone x3  
  67  5:46  Drone  
  68  5:52  Queen x2  
  68  5:54  Zergling x6  
  76  5:58  Overlord  
  75  6:05  Overlord  
  75  6:07  Overlord  
  75  6:12  Overlord x2  
  75  6:13  Lair  
  73  6:20  Overlord x2  
  73  6:23  Drone x3  
  73  6:24  Drone x2  
  73  6:25  Drone  
  79  6:27  Extractor x2  
  79  6:30  Queen  
  79  6:31  Drone  
  79  6:41  Drone x8  
  85  6:50  Drone x2  
  84  6:57  Drone  
  84  6:58  Roach Warren, Extractor  
  84  6:59  Extractor  
  78  7:01  Drone  
  78  7:02  Drone x4  
  78  7:05  Extractor  
  78  7:06  Hatchery  
  81  7:12  Zergling x6  
  81  7:13  Zergling x6  
  81  7:15  Drone x2  
  89  7:16  Hydralisk Den  
  88  7:28  Overlord  
  88  7:29  Overlord  
  88  7:43  Glial Reconstitution  
  90  7:44  Roach x8  
  104  7:52  Roach x2  
  104  7:53  Overlord x2  
  104  7:57  Zerg Ground Armor Level 2  
  104  7:58  Zerg Missile Weapons Level 2  
  108  7:59  Drone x2  
  108  8:00  Drone  
  108  8:02  Drone x2  
  108  8:03  Drone x2  
  115  8:16  Unknown  
  115  8:17  Drone x2  
  116  8:25  Drone x3  
  116  8:26  Drone x4  
  121  8:30  Infestation Pit, Muscular Augments  
  117  8:40  Hydralisk x4  
  117  8:41  Hydralisk x3  
  125  8:42  Overlord  
  125  8:43  Overlord  
  131  8:51  Overlord, Spore Crawler  
  131  8:52  Overlord  
  131  8:53  Pneumatized Carapace  
  130  8:58  Hydralisk x5  
  140  9:08  Hydralisk x3  
  146  9:11  Hatchery  
  145  9:21  Drone x5  
  150  9:29  Roach Warren, Spore Crawler  
  150  9:32  Overlord  
  150  9:33  Hydralisk, Drone x3  
  150  9:34  Hydralisk x5  
  165  9:41  Hive  
  165  9:42  Grooved Spines  
  165  9:46  Lurker Den  
  165  9:47  Overlord  
  165  9:48  Hydralisk x2  
  168  9:56  Overlord  
  168  10:06  Hydralisk  
  168  10:07  Hydralisk x7  
  168  10:12  Overlord  
  184  10:18  Overlord  
  184  10:20  Hydralisk x3  
  184  10:21  Hydralisk x2  
  190  10:25  Extractor  
  190  10:28  Spine Crawler  
  192  10:29  Spine Crawler, Extractor  
  188  10:43  Hydralisk x7  
  192  10:58  Seismic Spines  
  192  11:03  Drone x4  
  192  11:22  Hatchery, Lurker x4  
  192  11:24  Roach x6  
  199  11:29  Lurker  
  200  11:50  Hatchery  
  197  11:55  Adaptive Talons  
  197  12:04  Lurker x2  
  197  12:05  Lurker  
  197  12:06  Overlord  
  200  12:10  Adrenal Glands  
  182  12:31  Hydralisk x12  
  183  12:38  Hydralisk x12  
  183  12:43  Hydralisk x6  
  183  12:51  Hydralisk x3  
  193  12:57  Zergling x2  
  190  13:07  Hydralisk x6  
  192  13:13  Hatchery  
  192  13:14  Extractor  
  192  13:18  Extractor  
  192  13:19  Roach x8  
  199  13:24  Overlord, Evolution Chamber  
  199  13:25  Evolution Chamber  
  195  13:32  Overlord  
  195  13:33  Hydralisk  
  195  13:34  Hydralisk x8  
  175  13:38  Lurker x3  
  175  13:39  Zergling x2, Lurker x2  
  175  13:40  Zergling x8  
  200  13:47  Zergling x6  
  192  14:15  Lurker  
  192  14:16  Lurker  
  192  14:17  Drone x3, Lurker  
  189  14:18  Drone x3  
Tags
 
Add a new tag
Caveats
  • Supply blocks, unpowered buildings, or Contaminate may cause inaccurate times.
  • Supply counts are checked every 10 seconds.